 Dungeon Crawl Stone Soup version 0.21-a0-401-g0b6bec4 (webtiles) character file.

1393 grizmgrazm2 the Insei (level 8, -3/63 HPs)
             Began as a Demonspawn Transmuter on Oct 22, 2017.
             Was an Initiate of Ru.
             Splashed by a jelly's acid (4 damage)
             ... on level 5 of the Dungeon.
             The game lasted 00:32:02 (9233 turns).

grizmgrazm2 the Insei (Demonspawn Transmuter)       Turns: 9233, Time: 00:32:02

Health: -3/63      AC: -8    Str:  9    XL:     8   Next: 41%
Magic:  11/13      EV: 13    Int: 17    God:    Ru [......]
Gold:   282        SH:  0    Dex: 13    Spells: 9/14 levels left

rFire    + . .     SeeInvis .     - Unarmed
rCold    . . .     Gourm    .   (no shield)
rNeg     . . .     Faith    +   d - +0 leather armour
rPois    .         Spirit   .   (no helmet)
rElec    .         Reflect  .   (no cloak)
rCorr    .         Harm     .   p - +2 pair of gloves
MR       .....                  r - +2 pair of boots {Stlth+}
Stlth    +++.......             g - amulet of faith
HPRegen  0.20/turn              f - ring of protection from fire
MPRegen  0.13/turn              (no ring)

@: appendage, corroded
A: hooves 1, horns 2, rugged brown scales 2, demonic guardian 1, weak 1
a: End Transformation, Renounce Religion


You were on level 5 of the Dungeon.
You worshipped Ru.
Ru was noncommittal.
You were not hungry.
You had grown temporary horns.
You visited 2 branches of the dungeon, and saw 8 of its levels.

You collected 282 gold pieces.

Inventory:

Hand Weapons
 q - a cursed -3 blowgun
Missiles
 a - 61 arrows
 s - 15 poisoned needles
Armour
 d - a +0 leather armour (worn)
 p - a +2 pair of gloves (worn)
 r - a +2 pair of boots of stealth (worn)
Jewellery
 f - a ring of protection from fire (left hand)
 g - an amulet of faith (around neck)
 t - an uncursed ring of fire
 v - an uncursed ring of fire
Scrolls
 h - a scroll of teleportation
 m - 3 scrolls of recharging
 o - a scroll of enchant weapon
 x - a scroll of acquirement {unknown}
 y - a scroll of amnesia
Potions
 e - 2 potions of mutation {unknown}
 j - a potion of flight
 l - 2 potions of lignification {unknown}
 n - a potion of cancellation
 u - 2 potions of magic
Books
 c - a book of Changes

   Spells                             Type                      Level
   a - Beastly Appendage              Transmutation                1
   b - Sticks to Snakes               Transmutation                2
   c - Spider Form                    Transmutation/Poison         3
   d - Ice Form                       Ice/Transmutation            4
   e - Blade Hands                    Transmutation                5
Comestibles
 i - 2 meat rations
 k - a bread ration
 w - 3 royal jellies


   Skills:
 * Level 4.1 Fighting
 + Level 1.1 Armour
 + Level 4.0 Dodging
 + Level 2.5 Stealth
 + Level 5.8 Unarmed Combat
 + Level 3.9 Spellcasting
 + Level 3.9 Transmutations


You had 9 spell levels left.
You knew the following spells:

 Your Spells              Type           Power        Failure   Level  Hunger
a - Beastly Appendage     Tmut           ###...       4%          1    None
b - Ice Form              Ice/Tmut       ##......     67%         4    ####...


Dungeon Overview and Level Annotations

Branches:
Dungeon (7/15)             Temple (1/1) D:5

Altars:
Dithmenos
Elyvilon
Fedhas
Gozag
Hepliaklqana
Makhleb
Nemelex Xobeh
Okawaru
Ru
Trog
Uskayaw
Wu Jian
Xom
Yredelemnul
Zin
The Shining One

Portals:
Bailey: D:7

Annotations:
D:5 Rikh's ghost, novice CeHu


Innate Abilities, Weirdness & Mutations

You have large cloven feet.
You are mostly covered in rugged brown scales. (AC +2, +5% HP)
A weak demonic guardian rushes to your aid.
You are weak. (Str -2)
You have a pair of horns on your head.


Message History

The jelly barely misses you.
You hit the jelly but do no damage.
Your hands burn!
* * * LOW HITPOINT WARNING * * *
The jelly is severely wounded.
The jelly closely misses you.
You hit the jelly but do no damage.
Your hands burn!
* * * LOW HITPOINT WARNING * * *
The jelly is severely wounded.
Your transformation is almost over.
Casting: Beastly Appendage
Confirm with . or Enter, or press ? or * to list all spells.
You extend your transformation's duration.
The jelly barely misses you.
You hit the jelly but do no damage.
Your hands burn!
* * * LOW HITPOINT WARNING * * *
You headbutt the jelly.
The jelly is almost dead.
The jelly misses you.
You hit the jelly.
Your hands burn!
You die...

............##.#....##.......####
.................................
..........................###....
.......#..................###....
.......#..........!..............
#.#...)..........................
................###..............
............=$.J.##..............
............%..#@...#............
...#.........####.###....#####...
...#..........#.....#....#...####
######........#.....#....#.<.##
#........#.....#....#....#
#........'.†>.....#.##...###
###.##....#.....##.#. #....#.
#.._......#.....##.# ##..... .
#.#.#.....#.....##.# #.8...


You could see a jelly.

Vanquished Creatures
  A phantom (D:4)
  An ogre (D:5)
  2 bullfrogs (D:6)
  2 scorpions
  2 howler monkeys (D:6)
  A jelly (D:3)
  A hound (D:5)
  3 orc priests
  7 orc wizards
  3 iguanas
  Natasha (thrice) (D:4)
  3 worker ants
  A howler monkey skeleton (D:5)
  7 adders
  An ooze (D:5)
  4 worms
  A dart slug (D:5)
  A leopard gecko (D:1)
  16 orcs
  2 ball pythons (D:1)
  A giant cockroach (D:1)
  7 goblins
  6 hobgoblins
  7 jackals
  A quokka (D:6)
  11 bats
  6 frilled lizards
  A jackal skeleton (D:5)
  9 kobolds
  13 rats
124 creatures vanquished.

Vanquished Creatures (collateral kills)
  A hungry ghost (D:7)
  A sky beast (D:4)
  An ogre (D:6)
  A howler monkey (D:6)
  An orc wizard (D:5)
  An adder zombie (D:5)
  4 orcs
  2 jackals (D:7)
  A bat (D:1)
  A goblin (D:1)
14 creatures vanquished.

Grand Total: 138 creatures vanquished

Notes
Turn   | Place    | Note
-------+----------+-------------------------------------------
     0 | D:1      | grizmgrazm2 the Demonspawn Transmuter began the quest for the Orb.
     0 | D:1      | Reached XP level 1. HP: 15/15 MP: 3/3
   362 | D:1      | Gained mutation: You are partially covered in rugged brown scales. (AC +1, +3% HP) [demonic ancestry]
   362 | D:1      | Reached XP level 2. HP: 14/21 MP: 3/5
   469 | D:1      | Learned a level 2 spell: Sticks to Snakes
   599 | D:1      | Reached skill level 3 in Unarmed Combat
  1248 | D:1      | Lost mutation: You have claws for feet. [demonic ancestry]
  1248 | D:1      | Lost mutation: You have razor-sharp toenails. [demonic ancestry]
  1248 | D:1      | Lost mutation: You have sharp toenails. [demonic ancestry]
  1248 | D:1      | Gained mutation: You have large cloven feet. [demonic ancestry]
  1248 | D:1      | Reached XP level 3. HP: 9/26 MP: 4/6
  2756 | D:2      | Reached XP level 4. HP: 32/32 MP: 5/7
  2762 | D:2      | Learned a level 4 spell: Ice Form
  3212 | D:3      | Gained mutation: You are mostly covered in rugged brown scales. (AC +2, +5% HP) [demonic ancestry]
  3212 | D:3      | Reached XP level 5. HP: 27/38 MP: 6/8
  3494 | D:3      | Noticed a moth of wrath
  3497 | D:3      | Found a bloodstained altar of Trog.
  3878 | D:3      | Found a sacrificial altar of Ru.
  3884 | D:3      | Became a worshipper of Ru the Awakened
  4056 | D:4      | Found an ornate altar of the Wu Jian Council.
  4092 | D:4      | Noticed Natasha
  4116 | D:4      | Killed Natasha
  4116 | D:4      | Reached skill level 1 in Stealth
  4554 | D:4      | Noticed Natasha
  4567 | D:4      | Killed Natasha
  4567 | D:4      | Reached skill level 4 in Unarmed Combat
  4774 | D:4      | Noticed Natasha
  4776 | D:4      | Found an iron altar of Okawaru.
  4792 | D:4      | Killed Natasha
  4792 | D:4      | Reached XP level 6. HP: 39/46 MP: 10/10
  5730 | D:3      | Gained mutation: A weak demonic guardian rushes to your aid. [demonic ancestry]
  5730 | D:3      | Reached XP level 7. HP: 25/53 MP: 9/11
  6199 | D:5      | Entered Level 5 of the Dungeon
  7197 | D:6      | Reached skill level 5 in Unarmed Combat
  7787 | D:6      | Gained mutation: You are weak. (Str -2) [Ru sacrifice]
  7996 | D:6      | Noticed a hornet
  8044 | D:5      | Noticed Rikh's ghost (novice CeHu)
  8064 | D:7      | Found a flagged portal.
  8085 | D:7      | Noticed a hungry ghost
  8104 | D:7      | Killed a hungry ghost
  8104 | D:7      | Reached XP level 8. HP: 53/63 MP: 11/13
  8223 | D:6      | Paralysed by a hornet for 1 turns
  8540 | D:5      | Found a shimmering altar of Xom.
  8541 | D:5      | Found a hazy altar of Hepliaklqana.
  8542 | D:5      | Noticed a hell beast
  8542 | D:5      | Noticed a spectral ugly thing
  8542 | D:5      | Noticed a hell beast
  8937 | D:5      | Reached skill level 1 in Armour
  8947 | D:5      | Found a hide-covered altar of Uskayaw.
  8951 | D:5      | Found a staircase to the Ecumenical Temple.
  8987 | Temple   | Entered the Ecumenical Temple
  9232 | D:5      | HP: 1/63 [acid (5)]
  9233 | D:5      | Splashed by a jelly's acid

Vault maps used:
D:1:      minmay_arrival_checkered_box, st_stairs_10, supply_closet_lemuel,
          minmay_pentomino_q2
D:3:      tgw_trog, first_bread, grunt_ministairs_1, hangedman_ru_absence
D:4:      okawaru_trees_1, lemuel_coloured_pillars_altar, uniq_natasha
D:5:      regret_index_temple_of_mockery, lemuel_crystal_altar, temple_green,
          grunt_ministairs_12
D:6:      kennysheep_mini
D:7:      wad_crossroads, grunt_temple_overflow_magic_moments,
          lemuel_doored_altar, serial_corexii_hall, corexii_hall_statues_x,
          corexii_hall_statues_t, enter_bailey_2, uniq_crazy_yiuf_cottage
Temple:   cyrus_temple_forest

Skill      XL: |  1  2  3  4  5  6  7  8 |
---------------+-------------------------+-----
Transmutations | 2 3 |  3.9
Unarmed Combat | 3 4 5 |  5.8
Dodging        | 2 3 4 |  4.0
Stealth        | 1 2 |  2.5
Fighting       | 2 3 4 |  4.1
Spellcasting   | 3 |  3.9
Armour         | 1 |  1.1

Action                   |  1- 3 |  4- 6 |  7- 9 || total
-------------------------+-------+-------+-------++-------
Melee: Unarmed           |   157 |   219 |   296 ||   672
       Headbutt          |    14 |    31 |    42 ||    87
       Kick              |    15 |       |       ||    15
       Punch             |     1 |     2 |    10 ||    13
 Cast: Beastly Appendage |    34 |    30 |    34 ||    98
       Sticks to Snakes  |     1 |       |       ||     1
Invok: Sacrifice Purity  |       |       |     1 ||     1
  Use: Scroll            |     7 |    12 |     1 ||    20
       Potion            |       |     5 |     1 ||     6
 Stab: Sleeping          |     3 |     8 |     1 ||    12
       Distracted        |       |       |     1 ||     1
  Eat: Chunk             |     6 |     1 |     2 ||     9
       Bread ration      |       |     2 |     1 ||     3
       Fruit             |       |     3 |       ||     3
       Meat ration       |       |       |     2 ||     2
Armor: Robe              |    61 |    75 |    30 ||   166
       Leather armour    |       |       |    45 ||    45
Dodge: Dodged            |   137 |   130 |   177 ||   444

Table legend:
 A = Spawn XP
 B = Non-spawn XP
 C = Spawn XP percentage of total XP
 D = Spawn monster count
 E = Non-spawn monster count
 F = Spawn count percentage of total count
 G = Total turns spent on level
                    A         B        C        D         E        F      G
               +---------+---------+-------+---------+---------+-------+---------
         Total |       0 |    1991 |   0.0 |       0 |     138 |   0.0 |  9233
               +---------+---------+-------+---------+---------+-------+---------
           D:1 |       0 |      59 |   0.0 |       0 |      33 |   0.0 |  2098
           D:2 |       0 |      42 |   0.0 |       0 |      17 |   0.0 |   895
           D:3 |       0 |     229 |   0.0 |       0 |      25 |   0.0 |  1916
           D:4 |       0 |     599 |   0.0 |       0 |      19 |   0.0 |  2035
           D:5 |       0 |     489 |   0.0 |       0 |      26 |   0.0 |  1075
           D:6 |       0 |     430 |   0.0 |       0 |      10 |   0.0 |   913
           D:7 |       0 |     143 |   0.0 |       0 |       8 |   0.0 |   114
               +---------+---------+-------+---------+---------+-------+---------
